Flyers vs Rangers

Created - 20 septembre 2017 at 18:45

Simulating a Pre-Season

Goals
1 2 3 T
Flyers 2 0 2 4
Rangers 0 1 1 2
Shots
1 2 3 T
Flyers 18 14 8 40
Rangers 6 11 8 25

1st period

1. Flyers , Brooks Orpik 1 (Jean-Gabriel Pageau 2, Ryan Ellis 1) at 13:20
2. Flyers , Marcus Johansson 1 (Joel Ward 1, Ryan Ellis 2) at 18:30

Penalties :
Nick Schultz (NYR) for Boarding (Minor) at 1:13

2nd period

3. Rangers , Connor McDavid 2 (Michael Del Zotto 1, Craig Smith 2) at 3:41 (PP)

Penalties :
Jean-Gabriel Pageau (PHI) for Hooking (Minor) at 3:13, Ryan White (PHI) for Roughing (Minor) at 4:11, Nick Schultz (NYR) for Hooking (Minor) at 6:16, Justin Falk (NYR) for Holding (Minor) at 10:30, Michael Del Zotto (NYR) for Hooking (Minor) at 17:40

3rd period

4. Flyers , Ryan White 1 (Patrick Maroon 3, Andrew MacDonald 2) at 4:08 (PP)
5. Rangers , Conor Sheary 1 (Alex Goligoski 2, Connor McDavid 4) at 8:43 (PP)
6. Flyers , Nic Dowd 1 (Ryan White 1) at 18:16

Penalties :
Michael Del Zotto (NYR) for Hooking (Minor) at 2:47, Damon Severson (PHI) for Hooking (Minor) at 7:37, Jonathan Ericsson (PHI) for Cross-checking (Minor) at 11:21, Brooks Orpik (PHI) for Holding (Minor) at 14:36, Brooks Orpik (PHI) for Charging (Minor) at 19:34

Goalie Stats

Devan Dubnyk (PHI), 23 saves from 25 shots - (0.920), W, 2-1-0, 60:00 minutes
Scott Darling (NYR), 36 saves from 40 shots - (0.900), L, 0-1-0, 60:00 minutes

Players Stats for Flyers

Player Name              G  A  P  +/- PIM S  H  SB GA TA FO     MP     PP MP  PK MP  
------------------------------------------------------------------------------------
Alexander Killorn        0  0  0   0  0   1  2  0  0  0  2/3    14:46   0:00   0:34 
Andre Burakovsky         0  0  0   0  0   0  0  0  0  0  0/0     3:26   0:00   0:22 
Andrew MacDonald         0  1  1   0  0   2  0  2  0  0  0/0    21:10   4:07   3:56 
Ben Hutton               0  0  0   1  0   2  0  0  0  0  0/0    14:09   0:00   1:18 
Brooks Orpik             1  0  1   2  4   1  3  2  0  0  0/0    20:30   4:25   3:05 
Calle Jarnkrok           0  0  0   0  0   0  0  0  0  0  1/1     0:21   0:00   0:00 
Casey Cizikas            0  0  0   0  0   0  1  0  0  0  5/16   15:11   0:48   0:00 
Clayton Stoner           0  0  0   0  0   0  0  0  0  0  0/0     4:44   0:00   0:24 
Damon Severson           0  0  0   1  2   0  1  0  0  0  0/0    13:35   0:45   0:00 
Jean-Gabriel Pageau      0  1  1   2  2   2  1  1  0  0  12/23  22:26   5:01   4:44 
Joel Ward                0  1  1   2  0   5  2  0  0  0  1/3    20:21   5:01   2:38 
Jonathan Ericsson        0  0  0   0  2   0  3  1  0  0  0/0    19:49   4:07   3:09 
Kyle Brodziak            0  0  0   0  0   1  1  0  0  0  2/5    15:56   0:00   0:00 
Marcus Johansson         1  0  1   2  0   9  0  0  0  0  4/14   25:09   5:01   4:56 
Nic Dowd                 1  0  1   1  0   4  1  0  0  0  15/27  15:59   3:28   0:00 
Patrick Maroon           0  1  1   1  0   6  0  0  0  0  1/3    20:33   4:16   2:38 
Ryan Ellis               0  2  2   2  0   5  1  1  0  0  0/0    26:32   5:10   4:00 
Ryan White               1  1  2   1  2   2  5  0  0  0  0/0    17:21   4:16   0:00 

Players Stats for Rangers

Player Name              G  A  P  +/- PIM S  H  SB GA TA FO     MP     PP MP  PK MP  
------------------------------------------------------------------------------------
Alex Goligoski           0  1  1  -2  0   4  3  1  0  0  0/0    23:02   4:13   5:15 
Benoit Pouliot           0  0  0   0  0   1  0  0  0  0  0/0     5:55   0:00   0:05 
Brandon Pirri            0  0  0   0  0   0  1  0  0  0  5/7     6:33   0:15   0:28 
Cedric Paquette          0  0  0  -1  0   0  2  0  0  0  0/2    15:13   0:20   3:59 
Connor McDavid           1  1  2  -2  0   2  1  0  0  0  14/20  18:06   4:20   0:00 
Conor Sheary             1  0  1  -2  0   4  0  0  0  0  0/0    17:51   4:05   0:00 
Craig Smith              0  1  1  -2  0   2  2  1  0  0  1/3    17:51   4:05   0:00 
Dale Weise               0  0  0  -1  0   0  0  0  0  0  0/1    10:54   0:00   0:00 
Jamie McGinn             0  0  0   0  0   1  0  1  0  0  1/1    15:48   3:31   0:00 
Justin Falk              0  0  0  -1  2   1  3  3  0  0  0/0    14:53   0:00   3:37 
Matt Niskanen            0  0  0   0  0   3  2  1  0  0  0/0    26:00   3:43   4:33 
Michael Del Zotto        0  1  1  -2  4   1  5  0  0  0  0/0    22:07   4:13   2:14 
Nick Bonino              0  0  0  -1  0   1  0  0  0  0  8/19   14:53   0:00   3:59 
Nick Schultz             0  0  0  -1  4   0  1  1  0  0  0/0    13:37   0:00   2:10 
Oliver Ekman-Larsson     0  0  0   0  0   2  3  1  0  0  0/0    20:16   3:43   0:45 
Ondrej Palat             0  0  0   0  0   2  2  0  0  0  1/4    21:06   3:36   5:13 
Phillip Danault          0  0  0   0  0   1  0  0  0  0  22/38  20:43   3:36   4:50 
Tomas Jurco              0  0  0   0  0   0  0  0  0  0  0/0     5:50   0:00   0:00 

3 Stars

1 - Ryan White (PHI)
2 - Ryan Ellis (PHI)
3 - Marcus Johansson (PHI)

Power Play

Flyers - 1 on 5 Attempt(s) - 20.00%
Rangers - 2 on 6 Attempt(s) - 33.33%

Penalty Kill

Flyers - 4 on 6 Attempt(s) - 66.67% - Score 0 goal in Penalty Kill
Rangers - 4 on 5 Attempt(s) - 80.00% - Score 0 goal in Penalty Kill

Team Stat

Flyers - Hits : 21 - Faceoff Wins : 43 - Blocked Shots : 7 - Penalty Minutes : 12
Rangers - Hits : 25 - Faceoff Wins : 52 - Blocked Shots : 9 - Penalty Minutes : 10

Official

Referees : Ian Walsh and Jacob Brenk
Linesman : Devin Berg and Scott Driscoll

Game Notes

Calle Jarnkrok is injured at 0:55 of 1st period (Sprained Right Ankle)

% Time on Ice - Flyers

Lines # - Real PCT - Wanted PCT - Time Play
Normal Forward
1 - 30% - 40% - 12:42
2 - 32% - 30% - 13:39
3 - 31% - 20% - 13:22
4 - 7% - 10% - 3:04
Normal Defense
1 - 30% - 40% - 13:02
2 - 29% - 30% - 12:34
3 - 30% - 20% - 12:51
4 - 10% - 10% - 4:20
PP Forward
1 - 54% - 60% - 5:01
2 - 46% - 40% - 4:16
PP Defense
1 - 56% - 60% - 5:10
2 - 44% - 40% - 4:07
PK Forward
1 - 67% - 60% - 5:18
2 - 33% - 40% - 2:38
PK Defense
1 - 50% - 60% - 4:00
2 - 50% - 40% - 3:56
PK3 Forward
1 - 0% - 60%
2 - 0% - 40%
PK3 Defense
1 - 0% - 60%
2 - 0% - 40%
44 Forward
1 - 0% - 60%
2 - 0% - 40%
44 Defense
1 - 0% - 60%
2 - 0% - 40%
Last Minute Offensive  - 0:00
Last Minute Defensive  - 0:00
Total
Forward - 60:00
Defense - 60:00

% Time on Ice - Rangers

Lines # - Real PCT - Wanted PCT - Time Play
Normal Forward
1 - 32% - 35% - 13:46
2 - 29% - 34% - 12:17
3 - 25% - 21% - 10:54
4 - 14% - 10% - 5:50
Normal Defense
1 - 37% - 36% - 15:48
2 - 32% - 33% - 13:34
3 - 26% - 21% - 11:17
4 - 5% - 10% - 2:08
PP Forward
1 - 55% - 55% - 4:20
2 - 45% - 45% - 3:36
PP Defense
1 - 47% - 60% - 3:43
2 - 53% - 40% - 4:13
PK Forward
1 - 57% - 55% - 5:18
2 - 43% - 45% - 3:59
PK Defense
1 - 54% - 60% - 5:01
2 - 46% - 40% - 4:16
PK3 Forward
1 - 0% - 55%
2 - 0% - 45%
PK3 Defense
1 - 0% - 65%
2 - 0% - 35%
44 Forward
1 - 0% - 55%
2 - 0% - 45%
44 Defense
1 - 0% - 55%
2 - 0% - 45%
Last Minute Offensive  - 0:00
Last Minute Defensive  - 0:00
Total
Forward - 60:00
Defense - 60:00

Play by Play

1st period


0:01 of 1st period - Jean-Gabriel Pageau wins face-off versus Connor McDavid in neutral zone.
0:10 of 1st period - Shot by Marcus Johansson.
0:10 of 1st period - Shot Misses the Net.
0:27 of 1st period - Connor McDavid is hit by Ryan Ellis and loses puck.
0:34 of 1st period - Shot by Oliver Ekman-Larsson.
0:34 of 1st period - Stopped by Devan Dubnyk without a rebound.
0:35 of 1st period - Calle Jarnkrok wins face-off versus Phillip Danault in Flyers zone.
0:42 of 1st period - Ondrej Palat is hit by Ryan White and loses puck.
0:54 of 1st period - Calle Jarnkrok is hit by Michael Del Zotto and loses puck.
0:55 of 1st period - Calle Jarnkrok from Flyers is injured at 0:55 of 1st period (Sprained Right Ankle).
0:56 of 1st period - Casey Cizikas wins face-off versus Nick Bonino in Rangers zone.
1:12 of 1st period - Casey Cizikas is hit by Justin Falk and loses puck.
1:13 of 1st period - Minor Penalty to Nick Schultz for Boarding.
1:14 of 1st period - Jean-Gabriel Pageau wins face-off versus Phillip Danault in Rangers zone.
1:15 of 1st period - Shot by Ryan Ellis.
1:15 of 1st period - Shot Misses the Net.
1:17 of 1st period - Shot by Joel Ward.
1:17 of 1st period - Stopped by Scott Darling without a rebound.
1:18 of 1st period - Phillip Danault wins face-off versus Jean-Gabriel Pageau in Rangers zone.
1:31 of 1st period - Shot by Ryan Ellis.
1:31 of 1st period - Stopped by Scott Darling with a rebound.
1:33 of 1st period - Shot by Ryan Ellis.
1:33 of 1st period - Stopped by Scott Darling without a rebound.
1:34 of 1st period - Phillip Danault wins face-off versus Nic Dowd in Rangers zone.
1:34 of 1st period - Phillip Danault is hit by Nic Dowd.
2:06 of 1st period - Shot by Ryan White.
2:06 of 1st period - Deflect By Patrick Maroon.
2:06 of 1st period - Shot Blocked by Justin Falk.
2:24 of 1st period - Shot by Marcus Johansson.
2:24 of 1st period - Stopped by Scott Darling with a rebound.
2:43 of 1st period - Icing by Ryan Ellis.
2:44 of 1st period - Phillip Danault wins face-off versus Jean-Gabriel Pageau in Flyers zone.
3:22 of 1st period - Off-side.
3:23 of 1st period - Connor McDavid wins face-off versus Nic Dowd in neutral zone.
3:28 of 1st period - Shot by Conor Sheary.
3:28 of 1st period - Shot Misses the Net.
3:34 of 1st period - Shot by Connor McDavid.
3:34 of 1st period - Shot Misses the Net.
3:41 of 1st period - Connor McDavid is hit by Jonathan Ericsson.
3:45 of 1st period - Shot by Conor Sheary.
3:45 of 1st period - Shot Blocked by Andrew MacDonald.
3:47 of 1st period - Shot by Matt Niskanen.
3:47 of 1st period - Stopped by Devan Dubnyk without a rebound.
3:48 of 1st period - Nick Bonino wins face-off versus Casey Cizikas in Flyers zone.
3:51 of 1st period - Shot by Michael Del Zotto.
3:51 of 1st period - Shot Misses the Net.
3:53 of 1st period - Shot by Alex Goligoski.
3:53 of 1st period - Stopped by Devan Dubnyk without a rebound.
3:54 of 1st period - Phillip Danault wins face-off versus Casey Cizikas in Flyers zone.
4:27 of 1st period - Shot by Ondrej Palat.
4:27 of 1st period - Shot Misses the Net.
4:53 of 1st period - Off-side.
4:54 of 1st period - Nick Bonino wins face-off versus Marcus Johansson in neutral zone.
5:11 of 1st period - Shot by Marcus Johansson.
5:11 of 1st period - Shot Misses the Net.
6:22 of 1st period - Shot by Patrick Maroon.
6:22 of 1st period - Shot Misses the Net.
6:55 of 1st period - Alexander Killorn is hit by Michael Del Zotto and loses puck.
7:24 of 1st period - Shot by Patrick Maroon.
7:24 of 1st period - Stopped by Scott Darling without a rebound.
7:25 of 1st period - Phillip Danault wins face-off versus Jean-Gabriel Pageau in Rangers zone.
8:43 of 1st period - Shot by Nic Dowd.
8:43 of 1st period - Shot Misses the Net.
8:45 of 1st period - Shot by Andrew MacDonald.
8:45 of 1st period - Stopped by Scott Darling without a rebound.
8:46 of 1st period - Nick Bonino wins face-off versus Casey Cizikas in Rangers zone.
8:46 of 1st period - Nick Bonino is hit by Casey Cizikas.
9:07 of 1st period - Alexander Killorn is hit by Oliver Ekman-Larsson and loses puck.
9:32 of 1st period - Shot by Patrick Maroon.
9:32 of 1st period - Shot Hit the Post.
9:34 of 1st period - Shot by Nic Dowd.
9:34 of 1st period - Shot Hit the Post.
9:40 of 1st period - Shot by Nic Dowd.
9:40 of 1st period - Stopped by Scott Darling with a rebound.
9:57 of 1st period - Jonathan Ericsson is hit by Nick Schultz and loses puck.
11:03 of 1st period - Alexander Killorn is hit by Alex Goligoski and loses puck.
11:34 of 1st period - Casey Cizikas is hit by Michael Del Zotto and loses puck.
12:13 of 1st period - Shot by Ben Hutton.
12:13 of 1st period - Stopped by Scott Darling without a rebound.
12:14 of 1st period - Nick Bonino wins face-off versus Casey Cizikas in Rangers zone.
12:23 of 1st period - Jonathan Ericsson is hit by Cedric Paquette and loses puck.
13:14 of 1st period - Shot by Marcus Johansson.
13:14 of 1st period - Deflect By Jean-Gabriel Pageau.
13:14 of 1st period - Shot Blocked by Craig Smith.
13:16 of 1st period - Shot by Ryan Ellis.
13:16 of 1st period - Stopped by Scott Darling with a rebound.
13:18 of 1st period - Shot by Jean-Gabriel Pageau.
13:18 of 1st period - Shot Misses the Net.
13:20 of 1st period - Shot by Brooks Orpik.
13:20 of 1st period - Goal by Brooks Orpik - Flyers : 1 - Rangers : 0.
13:21 of 1st period - Nic Dowd wins face-off versus Phillip Danault in neutral zone.
13:24 of 1st period - Shot by Ben Hutton.
13:24 of 1st period - Stopped by Scott Darling without a rebound.
13:25 of 1st period - Phillip Danault wins face-off versus Nic Dowd in Rangers zone.
13:25 of 1st period - Phillip Danault is hit by Ryan White.
13:30 of 1st period - Off-side.
13:31 of 1st period - Phillip Danault wins face-off versus Nic Dowd in neutral zone.
13:49 of 1st period - Shot by Ondrej Palat.
13:49 of 1st period - Shot Misses the Net.
14:51 of 1st period - Ryan Ellis is hit by Oliver Ekman-Larsson and loses puck.
15:19 of 1st period - Craig Smith is hit by Alexander Killorn and loses puck.
15:26 of 1st period - Shot by Kyle Brodziak.
15:26 of 1st period - Stopped by Scott Darling without a rebound.
15:27 of 1st period - Kyle Brodziak wins face-off versus Nick Bonino in Rangers zone.
15:27 of 1st period - Kyle Brodziak is hit by Justin Falk.
15:49 of 1st period - Shot by Marcus Johansson.
15:49 of 1st period - Stopped by Scott Darling with a rebound.
15:51 of 1st period - Shot by Ryan Ellis.
15:51 of 1st period - Shot Blocked by Justin Falk.
16:27 of 1st period - Shot by Casey Cizikas.
16:27 of 1st period - Deflect By Patrick Maroon.
16:27 of 1st period - Stopped by Scott Darling without a rebound.
16:28 of 1st period - Jean-Gabriel Pageau wins face-off versus Brandon Pirri in Rangers zone.
16:28 of 1st period - Jean-Gabriel Pageau is hit by Alex Goligoski.
16:44 of 1st period - Ben Hutton is hit by Brandon Pirri.
16:55 of 1st period - Off-side.
16:56 of 1st period - Nic Dowd wins face-off versus Phillip Danault in neutral zone.
17:01 of 1st period - Shot by Patrick Maroon.
17:01 of 1st period - Deflect By Nic Dowd.
17:01 of 1st period - Stopped by Scott Darling without a rebound.
17:02 of 1st period - Phillip Danault wins face-off versus Casey Cizikas in Rangers zone.
17:04 of 1st period - Icing by Ondrej Palat.
17:05 of 1st period - Nic Dowd wins face-off versus Ondrej Palat in Rangers zone.
17:10 of 1st period - Shot by Patrick Maroon.
17:10 of 1st period - Shot Blocked by Jamie McGinn.
17:28 of 1st period - Shot by Ondrej Palat.
17:28 of 1st period - Stopped by Devan Dubnyk without a rebound.
17:29 of 1st period - Connor McDavid wins face-off versus Casey Cizikas in Flyers zone.
17:40 of 1st period - Shot by Connor McDavid.
17:40 of 1st period - Stopped by Devan Dubnyk with a rebound.
17:47 of 1st period - Alexander Killorn is hit by Michael Del Zotto.
18:20 of 1st period - Jean-Gabriel Pageau is hit by Michael Del Zotto.
18:30 of 1st period - Shot by Marcus Johansson.
18:30 of 1st period - Goal by Marcus Johansson - Flyers : 2 - Rangers : 0.
18:31 of 1st period - Nic Dowd wins face-off versus Phillip Danault in neutral zone.
18:33 of 1st period - Off-side.
18:34 of 1st period - Nic Dowd wins face-off versus Phillip Danault in neutral zone.
18:36 of 1st period - Off-side.
18:37 of 1st period - Phillip Danault wins face-off versus Jean-Gabriel Pageau in neutral zone.
18:41 of 1st period - Icing by Brooks Orpik.
18:42 of 1st period - Jean-Gabriel Pageau wins face-off versus Ondrej Palat in Flyers zone.
18:47 of 1st period - Oliver Ekman-Larsson is hit by Joel Ward.
18:51 of 1st period - Shot by Marcus Johansson.
18:51 of 1st period - Shot Blocked by Matt Niskanen.
18:58 of 1st period - Marcus Johansson is hit by Matt Niskanen.
19:04 of 1st period - Shot by Marcus Johansson.
19:04 of 1st period - Stopped by Scott Darling with a rebound.
19:06 of 1st period - Shot by Marcus Johansson.
19:06 of 1st period - Shot Misses the Net.
19:10 of 1st period - Shot by Joel Ward.
19:10 of 1st period - Shot Misses the Net.
19:12 of 1st period - Shot by Marcus Johansson.
19:12 of 1st period - Stopped by Scott Darling with a rebound.
19:49 of 1st period - Shot by Nick Bonino.
19:49 of 1st period - Shot Misses the Net.
19:57 of 1st period - Shot by Nick Bonino.
19:57 of 1st period - Stopped by Devan Dubnyk without a rebound.
19:58 of 1st period - Connor McDavid wins face-off versus Kyle Brodziak in Flyers zone.
Goals for this period are 2 for Flyers vs 0 for Rangers.
Shots for this period are 18 for Flyers vs 6 for Rangers.

2nd period


0:01 of 2nd period - Phillip Danault wins face-off versus Jean-Gabriel Pageau in neutral zone.
0:06 of 2nd period - Joel Ward is hit by Ondrej Palat and loses puck.
0:21 of 2nd period - Shot by Jean-Gabriel Pageau.
0:21 of 2nd period - Stopped by Scott Darling without a rebound.
0:22 of 2nd period - Nic Dowd wins face-off versus Connor McDavid in Rangers zone.
0:48 of 2nd period - Shot by Ryan White.
0:48 of 2nd period - Shot Blocked by Justin Falk.
1:08 of 2nd period - Shot by Marcus Johansson.
1:08 of 2nd period - Shot Blocked by Nick Schultz.
1:10 of 2nd period - Shot by Ryan Ellis.
1:10 of 2nd period - Stopped by Scott Darling with a rebound.
1:16 of 2nd period - Shot by Joel Ward.
1:16 of 2nd period - Shot Misses the Net.
1:18 of 2nd period - Shot by Marcus Johansson.
1:18 of 2nd period - Stopped by Scott Darling without a rebound.
1:19 of 2nd period - Phillip Danault wins face-off versus Casey Cizikas in Rangers zone.
2:09 of 2nd period - Shot by Marcus Johansson.
2:09 of 2nd period - Stopped by Scott Darling without a rebound.
2:10 of 2nd period - Nick Bonino wins face-off versus Nic Dowd in Rangers zone.
2:25 of 2nd period - Shot by Nick Bonino.
2:25 of 2nd period - Shot Misses the Net.
2:36 of 2nd period - Icing by Matt Niskanen.
2:37 of 2nd period - Jean-Gabriel Pageau wins face-off versus Dale Weise in Rangers zone.
2:37 of 2nd period - Jean-Gabriel Pageau is hit by Matt Niskanen.
2:39 of 2nd period - Shot by Marcus Johansson.
2:39 of 2nd period - Shot Misses the Net.
3:04 of 2nd period - Shot by Marcus Johansson.
3:04 of 2nd period - Shot Hit the Post.
3:13 of 2nd period - Minor Penalty to Jean-Gabriel Pageau for Hooking.
3:14 of 2nd period - Marcus Johansson wins face-off versus Craig Smith in Flyers zone.
3:33 of 2nd period - Shot by Conor Sheary.
3:33 of 2nd period - Shot Blocked by Brooks Orpik.
3:35 of 2nd period - Shot by Michael Del Zotto.
3:35 of 2nd period - Shot Misses the Net.
3:37 of 2nd period - Shot by Craig Smith.
3:37 of 2nd period - Stopped by Devan Dubnyk with a rebound.
3:39 of 2nd period - Shot by Michael Del Zotto.
3:39 of 2nd period - Shot Blocked by Brooks Orpik.
3:41 of 2nd period - Shot by Connor McDavid.
3:41 of 2nd period - Goal by Connor McDavid - Flyers : 2 - Rangers : 1.
3:42 of 2nd period - Nic Dowd wins face-off versus Phillip Danault in neutral zone.
4:11 of 2nd period - Minor Penalty to Ryan White for Roughing.
4:12 of 2nd period - Connor McDavid wins face-off versus Marcus Johansson in Flyers zone.
4:25 of 2nd period - Shot by Connor McDavid.
4:25 of 2nd period - Shot Misses the Net.
4:27 of 2nd period - Shot by Michael Del Zotto.
4:27 of 2nd period - Stopped by Devan Dubnyk with a rebound.
4:57 of 2nd period - Icing by Alex Goligoski.
4:58 of 2nd period - Connor McDavid wins face-off versus Joel Ward in Rangers zone.
5:21 of 2nd period - Shot by Ondrej Palat.
5:21 of 2nd period - Shot Misses the Net.
6:04 of 2nd period - Icing by Connor McDavid.
6:05 of 2nd period - Connor McDavid wins face-off versus Alexander Killorn in Rangers zone.
6:07 of 2nd period - Icing by Alex Goligoski.
6:08 of 2nd period - Marcus Johansson wins face-off versus Cedric Paquette in Rangers zone.
6:16 of 2nd period - Minor Penalty to Nick Schultz for Hooking.
6:17 of 2nd period - Phillip Danault wins face-off versus Nic Dowd in Rangers zone.
7:16 of 2nd period - Shot by Andrew MacDonald.
7:16 of 2nd period - Shot Blocked by Alex Goligoski.
8:21 of 2nd period - Shot by Conor Sheary.
8:21 of 2nd period - Shot Misses the Net.
8:23 of 2nd period - Shot by Craig Smith.
8:23 of 2nd period - Deflect By Conor Sheary.
8:23 of 2nd period - Shot Misses the Net.
8:25 of 2nd period - Shot by Conor Sheary.
8:25 of 2nd period - Stopped by Devan Dubnyk with a rebound.
8:27 of 2nd period - Shot by Conor Sheary.
8:27 of 2nd period - Stopped by Devan Dubnyk without a rebound.
8:28 of 2nd period - Kyle Brodziak wins face-off versus Craig Smith in Flyers zone.
8:28 of 2nd period - Kyle Brodziak is hit by Craig Smith.
8:44 of 2nd period - Icing by Andre Burakovsky.
8:45 of 2nd period - Brandon Pirri wins face-off versus Kyle Brodziak in Flyers zone.
8:56 of 2nd period - Icing by Benoit Pouliot.
8:57 of 2nd period - Brandon Pirri wins face-off versus Casey Cizikas in Rangers zone.
9:39 of 2nd period - Icing by Oliver Ekman-Larsson.
9:40 of 2nd period - Craig Smith wins face-off versus Marcus Johansson in Rangers zone.
9:55 of 2nd period - Shot by Conor Sheary.
9:55 of 2nd period - Shot Misses the Net.
9:57 of 2nd period - Shot by Matt Niskanen.
9:57 of 2nd period - Stopped by Devan Dubnyk without a rebound.
9:58 of 2nd period - Nic Dowd wins face-off versus Phillip Danault in Flyers zone.
10:02 of 2nd period - Off-side.
10:03 of 2nd period - Ondrej Palat wins face-off versus Nic Dowd in neutral zone.
10:06 of 2nd period - Shot by Jamie McGinn.
10:06 of 2nd period - Stopped by Devan Dubnyk with a rebound.
10:27 of 2nd period - Patrick Maroon is hit by Justin Falk.
10:30 of 2nd period - Minor Penalty to Justin Falk for Holding.
10:31 of 2nd period - Jean-Gabriel Pageau wins face-off versus Nick Bonino in Rangers zone.
10:44 of 2nd period - Shot by Jean-Gabriel Pageau.
10:44 of 2nd period - Shot Misses the Net.
11:27 of 2nd period - Icing by Brooks Orpik.
11:28 of 2nd period - Phillip Danault wins face-off versus Nic Dowd in Flyers zone.
11:46 of 2nd period - Icing by Patrick Maroon.
11:47 of 2nd period - Nic Dowd wins face-off versus Nick Bonino in Flyers zone.
12:06 of 2nd period - Shot by Ryan Ellis.
12:06 of 2nd period - Shot Misses the Net.
12:08 of 2nd period - Shot by Nic Dowd.
12:08 of 2nd period - Stopped by Scott Darling without a rebound.
12:09 of 2nd period - Phillip Danault wins face-off versus Jean-Gabriel Pageau in Rangers zone.
12:31 of 2nd period - Joel Ward is hit by Oliver Ekman-Larsson.
12:45 of 2nd period - Alexander Killorn is hit by Connor McDavid and loses puck.
13:15 of 2nd period - Icing by Ben Hutton.
13:16 of 2nd period - Casey Cizikas wins face-off versus Nick Bonino in Flyers zone.
13:46 of 2nd period - Icing by Alex Goligoski.
13:47 of 2nd period - Nic Dowd wins face-off versus Nick Bonino in Rangers zone.
14:10 of 2nd period - Shot by Nic Dowd.
14:10 of 2nd period - Shot Misses the Net.
14:16 of 2nd period - Shot by Ryan White.
14:16 of 2nd period - Stopped by Scott Darling without a rebound.
14:17 of 2nd period - Phillip Danault wins face-off versus Jean-Gabriel Pageau in Rangers zone.
15:35 of 2nd period - Connor McDavid is hit by Jonathan Ericsson and loses puck.
16:10 of 2nd period - Shot by Benoit Pouliot.
16:10 of 2nd period - Stopped by Devan Dubnyk without a rebound.
16:11 of 2nd period - Nic Dowd wins face-off versus Nick Bonino in Flyers zone.
16:15 of 2nd period - Off-side.
16:16 of 2nd period - Nick Bonino wins face-off versus Patrick Maroon in neutral zone.
16:16 of 2nd period - Alex Goligoski is hit by Ryan White and loses puck.
16:21 of 2nd period - Shot by Patrick Maroon.
16:21 of 2nd period - Deflect By Nic Dowd.
16:21 of 2nd period - Shot Misses the Net.
16:23 of 2nd period - Shot by Patrick Maroon.
16:23 of 2nd period - Shot Misses the Net.
16:29 of 2nd period - Shot by Patrick Maroon.
16:29 of 2nd period - Stopped by Scott Darling with a rebound.
16:31 of 2nd period - Shot by Damon Severson.
16:31 of 2nd period - Shot Misses the Net.
16:33 of 2nd period - Shot by Ryan White.
16:33 of 2nd period - Deflect By Patrick Maroon.
16:33 of 2nd period - Stopped by Scott Darling without a rebound.
16:34 of 2nd period - Brandon Pirri wins face-off versus Nic Dowd in Rangers zone.
16:53 of 2nd period - Shot by Ryan Ellis.
16:53 of 2nd period - Stopped by Scott Darling with a rebound.
17:29 of 2nd period - Shot by Marcus Johansson.
17:29 of 2nd period - Shot Misses the Net.
17:31 of 2nd period - Shot by Joel Ward.
17:31 of 2nd period - Stopped by Scott Darling without a rebound.
17:32 of 2nd period - Alexander Killorn wins face-off versus Phillip Danault in Rangers zone.
17:35 of 2nd period - Shot by Alexander Killorn.
17:35 of 2nd period - Stopped by Scott Darling without a rebound.
17:36 of 2nd period - Casey Cizikas wins face-off versus Ondrej Palat in Rangers zone.
17:37 of 2nd period - Shot by Andrew MacDonald.
17:37 of 2nd period - Stopped by Scott Darling without a rebound.
17:38 of 2nd period - Jean-Gabriel Pageau wins face-off versus Phillip Danault in Rangers zone.
17:38 of 2nd period - Jean-Gabriel Pageau is hit by Alex Goligoski.
17:40 of 2nd period - Shot by Joel Ward.
17:40 of 2nd period - Stopped by Scott Darling without a rebound.
17:40 of 2nd period - Minor Penalty to Michael Del Zotto for Hooking.
17:41 of 2nd period - Jean-Gabriel Pageau wins face-off versus Phillip Danault in Rangers zone.
17:52 of 2nd period - Matt Niskanen is hit by Joel Ward and loses puck.
18:03 of 2nd period - Shot by Phillip Danault.
18:03 of 2nd period - Stopped by Devan Dubnyk without a rebound.
18:04 of 2nd period - Nic Dowd wins face-off versus Nick Bonino in Flyers zone.
18:04 of 2nd period - Nic Dowd is hit by Cedric Paquette.
18:20 of 2nd period - Shot by Patrick Maroon.
18:20 of 2nd period - Stopped by Scott Darling with a rebound.
18:43 of 2nd period - Icing by Andrew MacDonald.
18:44 of 2nd period - Phillip Danault wins face-off versus Patrick Maroon in Flyers zone.
18:53 of 2nd period - Shot by Matt Niskanen.
18:53 of 2nd period - Stopped by Devan Dubnyk without a rebound.
18:54 of 2nd period - Nick Bonino wins face-off versus Jean-Gabriel Pageau in Flyers zone.
19:46 of 2nd period - Shot by Conor Sheary.
19:46 of 2nd period - Stopped by Devan Dubnyk without a rebound.
19:47 of 2nd period - Casey Cizikas wins face-off versus Connor McDavid in Flyers zone.
Goals for this period are 0 for Flyers vs 1 for Rangers.
Shots for this period are 14 for Flyers vs 11 for Rangers.

3rd period


0:01 of 3rd period - Jean-Gabriel Pageau wins face-off versus Phillip Danault in neutral zone.
0:15 of 3rd period - Shot by Marcus Johansson.
0:15 of 3rd period - Shot Hit the Post.
0:17 of 3rd period - Shot by Jean-Gabriel Pageau.
0:17 of 3rd period - Deflect By Marcus Johansson.
0:17 of 3rd period - Stopped by Scott Darling with a rebound.
0:27 of 3rd period - Shot by Marcus Johansson.
0:27 of 3rd period - Stopped by Scott Darling with a rebound.
0:29 of 3rd period - Shot by Brooks Orpik.
0:29 of 3rd period - Deflect By Joel Ward.
0:29 of 3rd period - Shot Misses the Net.
0:31 of 3rd period - Shot by Brooks Orpik.
0:31 of 3rd period - Shot Misses the Net.
0:33 of 3rd period - Shot by Joel Ward.
0:33 of 3rd period - Shot Misses the Net.
0:53 of 3rd period - Shot by Craig Smith.
0:53 of 3rd period - Shot Blocked by Jean-Gabriel Pageau.
1:17 of 3rd period - Icing by Conor Sheary.
1:18 of 3rd period - Connor McDavid wins face-off versus Casey Cizikas in Rangers zone.
2:10 of 3rd period - Icing by Cedric Paquette.
2:11 of 3rd period - Patrick Maroon wins face-off versus Nick Bonino in Rangers zone.
2:15 of 3rd period - Icing by Nick Schultz.
2:16 of 3rd period - Nic Dowd wins face-off versus Nick Bonino in Rangers zone.
2:19 of 3rd period - Shot by Patrick Maroon.
2:19 of 3rd period - Shot Misses the Net.
2:22 of 3rd period - Icing by Nick Schultz.
2:23 of 3rd period - Nic Dowd wins face-off versus Cedric Paquette in Rangers zone.
2:38 of 3rd period - Shot by Justin Falk.
2:38 of 3rd period - Stopped by Devan Dubnyk with a rebound.
2:47 of 3rd period - Minor Penalty to Michael Del Zotto for Hooking.
2:48 of 3rd period - Phillip Danault wins face-off versus Jean-Gabriel Pageau in Rangers zone.
2:58 of 3rd period - Off-side.
2:59 of 3rd period - Joel Ward wins face-off versus Phillip Danault in neutral zone.
3:19 of 3rd period - Icing by Ryan Ellis.
3:20 of 3rd period - Jean-Gabriel Pageau wins face-off versus Phillip Danault in Flyers zone.
3:20 of 3rd period - Jean-Gabriel Pageau is hit by Ondrej Palat.
3:34 of 3rd period - Shot by Jean-Gabriel Pageau.
3:34 of 3rd period - Shot Misses the Net.
3:36 of 3rd period - Shot by Joel Ward.
3:36 of 3rd period - Stopped by Scott Darling without a rebound.
3:37 of 3rd period - Nick Bonino wins face-off versus Nic Dowd in Rangers zone.
3:37 of 3rd period - Nick Bonino is hit by Ryan White.
4:08 of 3rd period - Shot by Ryan White.
4:08 of 3rd period - Goal by Ryan White - Flyers : 3 - Rangers : 1.
4:09 of 3rd period - Casey Cizikas wins face-off versus Connor McDavid in neutral zone.
4:33 of 3rd period - Icing by Kyle Brodziak.
4:34 of 3rd period - Phillip Danault wins face-off versus Casey Cizikas in Flyers zone.
4:36 of 3rd period - Ondrej Palat is hit by Brooks Orpik and loses puck.
4:52 of 3rd period - Shot by Casey Cizikas.
4:52 of 3rd period - Shot Misses the Net.
5:02 of 3rd period - Shot by Ondrej Palat.
5:02 of 3rd period - Shot Blocked by Jonathan Ericsson.
5:04 of 3rd period - Shot by Ondrej Palat.
5:04 of 3rd period - Stopped by Devan Dubnyk without a rebound.
5:05 of 3rd period - Connor McDavid wins face-off versus Jean-Gabriel Pageau in Flyers zone.
5:06 of 3rd period - Shot by Conor Sheary.
5:06 of 3rd period - Shot Misses the Net.
5:10 of 3rd period - Shot by Connor McDavid.
5:10 of 3rd period - Shot Blocked by Andrew MacDonald.
5:12 of 3rd period - Shot by Alex Goligoski.
5:12 of 3rd period - Stopped by Devan Dubnyk without a rebound.
5:13 of 3rd period - Jean-Gabriel Pageau wins face-off versus Nick Bonino in Flyers zone.
6:32 of 3rd period - Icing by Ryan Ellis.
6:33 of 3rd period - Connor McDavid wins face-off versus Nic Dowd in Flyers zone.
7:15 of 3rd period - Conor Sheary is hit by Damon Severson and loses puck.
7:37 of 3rd period - Minor Penalty to Damon Severson for Hooking.
7:38 of 3rd period - Phillip Danault wins face-off versus Marcus Johansson in Flyers zone.
7:58 of 3rd period - Icing by Oliver Ekman-Larsson.
7:59 of 3rd period - Jamie McGinn wins face-off versus Marcus Johansson in Rangers zone.
8:41 of 3rd period - Shot by Alex Goligoski.
8:41 of 3rd period - Stopped by Devan Dubnyk with a rebound.
8:43 of 3rd period - Shot by Conor Sheary.
8:43 of 3rd period - Goal by Conor Sheary - Flyers : 3 - Rangers : 2.
8:44 of 3rd period - Nic Dowd wins face-off versus Brandon Pirri in neutral zone.
8:54 of 3rd period - Benoit Pouliot is hit by Brooks Orpik and loses puck.
9:14 of 3rd period - Benoit Pouliot is hit by Brooks Orpik and loses puck.
10:05 of 3rd period - Shot by Oliver Ekman-Larsson.
10:05 of 3rd period - Stopped by Devan Dubnyk with a rebound.
10:24 of 3rd period - Shot by Conor Sheary.
10:24 of 3rd period - Shot Misses the Net.
10:26 of 3rd period - Shot by Oliver Ekman-Larsson.
10:26 of 3rd period - Shot Misses the Net.
10:28 of 3rd period - Shot by Craig Smith.
10:28 of 3rd period - Shot Misses the Net.
11:20 of 3rd period - Phillip Danault is hit by Jonathan Ericsson and loses puck.
11:21 of 3rd period - Minor Penalty to Jonathan Ericsson for Cross-checking.
11:22 of 3rd period - Marcus Johansson wins face-off versus Phillip Danault in Flyers zone.
11:39 of 3rd period - Shot by Alex Goligoski.
11:39 of 3rd period - Stopped by Devan Dubnyk without a rebound.
11:40 of 3rd period - Marcus Johansson wins face-off versus Connor McDavid in Flyers zone.
11:55 of 3rd period - Icing by Michael Del Zotto.
11:56 of 3rd period - Connor McDavid wins face-off versus Marcus Johansson in Rangers zone.
11:56 of 3rd period - Conor Sheary is hit by Jean-Gabriel Pageau and loses puck.
12:02 of 3rd period - Icing by Michael Del Zotto.
12:03 of 3rd period - Connor McDavid wins face-off versus Marcus Johansson in Rangers zone.
12:12 of 3rd period - Shot by Craig Smith.
12:12 of 3rd period - Stopped by Devan Dubnyk without a rebound.
12:13 of 3rd period - Phillip Danault wins face-off versus Marcus Johansson in Flyers zone.
12:37 of 3rd period - Icing by Oliver Ekman-Larsson.
12:38 of 3rd period - Phillip Danault wins face-off versus Joel Ward in Rangers zone.
12:51 of 3rd period - Shot by Phillip Danault.
12:51 of 3rd period - Deflect By Ondrej Palat.
12:51 of 3rd period - Shot Misses the Net.
14:18 of 3rd period - Shot by Patrick Maroon.
14:18 of 3rd period - Stopped by Scott Darling without a rebound.
14:19 of 3rd period - Connor McDavid wins face-off versus Jean-Gabriel Pageau in Rangers zone.
14:26 of 3rd period - Brooks Orpik is hit by Craig Smith and loses puck.
14:36 of 3rd period - Minor Penalty to Brooks Orpik for Holding.
14:37 of 3rd period - Connor McDavid wins face-off versus Marcus Johansson in Flyers zone.
14:40 of 3rd period - Shot by Connor McDavid.
14:40 of 3rd period - Shot Misses the Net.
14:46 of 3rd period - Shot by Conor Sheary.
14:46 of 3rd period - Shot Misses the Net.
15:06 of 3rd period - Shot by Matt Niskanen.
15:06 of 3rd period - Shot Misses the Net.
15:08 of 3rd period - Shot by Connor McDavid.
15:08 of 3rd period - Shot Blocked by Ryan Ellis.
15:10 of 3rd period - Shot by Conor Sheary.
15:10 of 3rd period - Shot Misses the Net.
15:52 of 3rd period - Shot by Alex Goligoski.
15:52 of 3rd period - Shot Misses the Net.
16:41 of 3rd period - Icing by Nick Schultz.
16:42 of 3rd period - Brandon Pirri wins face-off versus Casey Cizikas in Rangers zone.
16:42 of 3rd period - Brandon Pirri is hit by Alexander Killorn.
17:16 of 3rd period - Icing by Nick Schultz.
17:17 of 3rd period - Brandon Pirri wins face-off versus Kyle Brodziak in Rangers zone.
17:17 of 3rd period - Brandon Pirri is hit by Kyle Brodziak.
18:16 of 3rd period - Shot by Nic Dowd.
18:16 of 3rd period - Goal by Nic Dowd - Flyers : 4 - Rangers : 2.
18:17 of 3rd period - Jean-Gabriel Pageau wins face-off versus Phillip Danault in neutral zone.
18:22 of 3rd period - Shot by Joel Ward.
18:22 of 3rd period - Stopped by Scott Darling without a rebound.
18:23 of 3rd period - Phillip Danault wins face-off versus Nic Dowd in Rangers zone.
18:23 of 3rd period - Phillip Danault is hit by Ryan White.
18:39 of 3rd period - Shot by Patrick Maroon.
18:39 of 3rd period - Shot Misses the Net.
19:17 of 3rd period - Shot by Marcus Johansson.
19:17 of 3rd period - Shot Blocked by Oliver Ekman-Larsson.
19:19 of 3rd period - Shot by Jean-Gabriel Pageau.
19:19 of 3rd period - Stopped by Scott Darling without a rebound.
19:20 of 3rd period - Alexander Killorn wins face-off versus Connor McDavid in Rangers zone.
19:34 of 3rd period - Minor Penalty to Brooks Orpik for Charging.
19:35 of 3rd period - Connor McDavid wins face-off versus Marcus Johansson in Flyers zone.
19:58 of 3rd period - Shot by Connor McDavid.
19:58 of 3rd period - Shot Misses the Net.
Goals for this period are 2 for Flyers vs 1 for Rangers.
Shots for this period are 8 for Flyers vs 8 for Rangers.